 Dungeon Crawl Stone Soup version 0.22.1-2-g9c5b331 (webtiles) character file.

350 Tiagovsky the Firebug (level 6, 0/51 HPs)
             Began as a Draconian Fire Elementalist on Dec 27, 2018.
             Was an Initiate of Vehumet.
             Shot with an arrow by a centaur (8 damage)
             ... on level 5 of the Dungeon on Dec 28, 2018.
             The game lasted 00:31:30 (3298 turns).

Tiagovsky the Firebug (Draconian Fire Elementalist) Turns: 3298, Time: 00:31:31

Health: 0/51       AC:  7    Str: 10    XL:     6   Next: 33%
Magic:  9/11       EV: 12    Int: 18    God:    Vehumet [......]
Gold:   102        SH:  0    Dex: 15    Spells: 6/12 levels left

rFire    . . .     SeeInvis .   t - +0 dagger (venom)
rCold    . . .     Gourm    .   (no shield)
rNeg     . . .     Faith    .   (armour unavailable)
rPois    .         Spirit   .   (helmet restricted)
rElec    .         Reflect  .   f - +0 cloak
rCorr    .         Harm     .   (no gloves)
MR       .....                  (no boots)
Stlth    ++........             (no amulet)
HPRegen  0.17/turn              u - +4 ring of dexterity
MPRegen  0.12/turn              (no ring)

@: slowed, very slow
A: unfitting armour, cold-blooded, AC +6
a: Renounce Religion


You were on level 5 of the Dungeon.
You worshipped Vehumet.
Vehumet was noncommittal.
You were not hungry.

You visited 2 branches of the dungeon, and saw 6 of its levels.

You collected 102 gold pieces.

Inventory:

Hand Weapons
 e - a +0 hunting sling
 l - a +0 spear
 m - a +0 short sword
 t - a +0 dagger of venom (weapon)
 x - a +0 quarterstaff
Missiles
 a - 26 bolts
 i - 70 stones (quivered)
 k - 14 poisoned needles
Armour
 d - a +0 robe
 f - a +0 cloak (worn)
 j - a +0 buckler
Jewellery
 u - a +4 ring of dexterity (left hand)
Wands
 r - a wand of digging (11)
Scrolls
 h - 7 scrolls of identify
 q - a scroll of teleportation {unknown}
 v - 2 scrolls of remove curse {unknown}
 w - a scroll of fog {unknown}
Potions
 c - a potion of ambrosia {unknown}
 g - a potion of lignification {unknown}
 n - 2 potions of mutation {unknown}
 o - a potion of agility {unknown}
 p - 2 potions of brilliance {unknown}
 s - a potion of flight {unknown}
Comestibles
 b - 5 rations


   Skills:
 + Level 3.4 Fighting
 - Level 2.4 Slings
 - Level 1.7 Dodging
 - Level 1.7 Stealth
 + Level 3.5 Spellcasting
 * Level 1.0 Conjurations
 + Level 4.4 Fire Magic


You had 6 spell levels left.
You knew the following spells:

 Your Spells              Type           Power        Failure   Level  Hunger
a - Flame Tongue          Conj/Fire      ##...        4%          1    None
b - Throw Flame           Conj/Fire      ##....       8%          2    ##.....
c - Conjure Flame         Conj/Fire      ##......     16%         3    ###....

Your spell library contained the following spells:

 Spells                   Type           Power        Failure   Level  Hunger
 Inner Flame              Hex/Fire       ##......     19%         3    ###....
 Sticky Flame             Conj/Fire      ##......     45%         4    ####...
 Fireball                 Conj/Fire      ##........   80%         5    ######.


Dungeon Overview and Level Annotations

Branches:
Dungeon (6/15)             Temple (1/1) D:5

Altars:
Cheibriados
Dithmenos
Elyvilon
Gozag
Makhleb
Qazlal
Sif Muna
Vehumet
Wu Jian
Xom
Zin
The Shining One


Innate Abilities, Weirdness & Mutations

Your plain brown scales are hard. (AC +6)
You cannot fit into any form of body armour.
You are cold-blooded and may be slowed by cold attacks.


Message History

You hit the centaur.
The centaur looks as sick as possible!
The centaur is lightly wounded.
The centaur barely misses you.
You hit the centaur.
The centaur looks as sick as possible!
You tail-slap the centaur.
The centaur is heavily wounded.
The centaur barely misses you.
The crimson imp shouts, "Kneel, thou worthless roguish wagtail!"
The centaur misses you.
The centaur wields a runed shortbow.
It is covered in frost.
The centaur shoots an arrow.
The arrow hits you!
You feel yourself slow down. The arrow freezes you.
The crimson imp laughs crazily.
The crimson imp blinks!
You see here an arrow.
The centaur shoots an arrow.
The arrow hits you!!
* * * LOW HITPOINT WARNING * * *
You feel as though you will be slow longer.
The arrow freezes you!
You die...

.#.#.# #.>...#
.#.#.#######.....#
...<.............#
.....######.####.#
###### #.# #.# #
#.# #.# # #.# #.#
# ##.# #.# #
##.#.# #@# # .#..#
#(# ##.#...# #.#
#.#....####c#
.#.....#....#
#......#.####
.......c#.##
.......###.##
......# ##s#


You could see a centaur.

Vanquished Creatures
  2 scorpions (D:5)
  2 crimson imps (D:5)
  A bullfrog skeleton (D:2)
  A worker ant (D:5)
  5 adders
  2 oozes
  2 worms (D:2)
  2 dart slugs
  2 leopard geckos
  An orc (D:5)
  2 giant cockroaches
  5 goblins
  6 hobgoblins
  8 jackals
  A quokka (D:5)
  A ball python (D:2)
  8 bats
  14 frilled lizards
  6 kobolds
  3 rats
  2 butterflies (D:5)
76 creatures vanquished.

Notes
Turn   | Place    | Note
-------+----------+-------------------------------------------
     0 | D:1      | Tiagovsky the Draconian Fire Elementalist began the quest
                  | for the Orb.
     0 | D:1      | Reached XP level 1. HP: 14/14 MP: 3/3
   198 | D:1      | Reached XP level 2. HP: 22/22 MP: 3/5
   313 | D:1      | Reached skill level 1 in Fighting
   539 | D:1      | Learned a level 2 spell: Throw Flame
   886 | D:2      | Reached XP level 3. HP: 28/28 MP: 1/6
   894 | D:2      | Learned a level 3 spell: Conjure Flame
  1090 | D:2      | Found a faded altar of an unknown god.
  1575 | D:2      | Reached skill level 1 in Slings
  1866 | D:2      | Reached XP level 4. HP: 36/36 MP: 1/8
  2547 | D:3      | You fall through a shaft for 3 floors!
  2587 | D:6      | Reached XP level 5. HP: 37/42 MP: 2/9
  2618 | D:6      | Found a shimmering altar of Xom.
  2621 | D:6      | Noticed an angel
  2627 | D:6      | Found a glowing silver altar of Zin.
  2651 | D:5      | Entered Level 5 of the Dungeon
  2757 | D:5      | Reached skill level 4 in Fire Magic
  3027 | D:5      | Reached XP level 6. HP: 49/51 MP: 6/11
  3051 | D:5      | Found a staircase to the Ecumenical Temple.
  3101 | Temple   | Entered the Ecumenical Temple
  3166 | Temple   | Became a worshipper of Vehumet
  3298 | D:5      | Shot with an arrow by a centaur

Skill      XL: |  1  2  3  4  5 |
---------------+----------------+-----
Fighting       | 1 2 3 |  3.4
Slings         | 1 2 |  2.4
Spellcasting   | 3 |  3.5
Fire Magic     | 4 |  4.4
Dodging        | |  1.7
Stealth        | |  1.7
Conjurations   | |  1.0

Action                   |  1- 3 |  4- 6 || total
-------------------------+-------+-------++-------
Melee: Dagger            |       |   100 ||   100
       Tailslap          |       |     7 ||     7
 Fire: Hunting sling     |    62 |    63 ||   125
Throw: Stone             |       |     2 ||     2
 Cast: Flame Tongue      |    51 |    63 ||   114
       Conjure Flame     |     1 |       ||     1
  Use: Scroll            |     1 |       ||     1
  Eat: Chunk             |     3 |     3 ||     6
       Ration            |       |     1 ||     1
Armor: Skin              |    13 |    66 ||    79
Dodge: Dodged            |    39 |    96 ||   135
